 Dungeon Crawl Stone Soup version 0.26-a0-1026-g544776af23 (webtiles) character file.

Game seed: 11714716994896067176

301 IdlyInterested the Poker (level 6, -1/48 HPs)
             Began as a Demonspawn Monk on Dec 9, 2020.
             Slain by a mummy (14 damage)
             ... in an ossuary.
             The game lasted 00:12:36 (3945 turns).

IdlyInterested the Poker (Demonspawn Monk)          Turns: 3945, Time: 00:12:36

Health: -1/48      AC:  8    Str: 17    XL:     6   Next: 14%
Magic:  9/10       EV:  8    Int: 14    God:
Gold:   89         SH:  0    Dex: 17    Spells: 10/10 levels left

rFire    + . .     SeeInvis .   a - +0 spear
rCold    + . .     Faith    .   (no shield)
rNeg     . . .     Spirit   .   v - +0 chain mail
rPois    .         Reflect  .   (no helmet)
rElec    .         Harm     .   t - scarf {rC+ rF+}
rCorr    .         Rampage  .   (no gloves)
Will     .....                  (no boots)
Stlth    ..........             r - amulet of inaccuracy (curse)
HPRegen  0.16/turn              k - ring of flight
MPRegen  0.12/turn              p - +6 ring of strength

@: no status effects
A: talons 2, agile 1, blink, subdued magic 1
a: Blink, Evoke Flight


You were in an ossuary.
You visited 1 branch of the dungeon, and saw 4 of its levels.
You also visited: Ossuary.

You collected 89 gold pieces.

Inventory:

Hand Weapons
 a - a +0 spear (weapon)
 q - a +0 spear
 s - a +0 spear
Missiles
 g - a boomerang (quivered)
 h - 42 stones
 u - 13 poisoned darts
 y - 3 javelins
Armour
 b - a +0 robe
 c - a +0 leather armour
 l - a +0 scale mail
 t - a scarf of resistance (worn)
 v - a +0 chain mail (worn)
Magical Staves
 n - an uncursed staff of cold
Jewellery
 k - a ring of flight (left hand)
 p - a +6 ring of strength (right hand)
 r - a cursed amulet of inaccuracy (around neck)
Potions
 d - a potion of haste
 e - a potion of attraction
 f - 2 potions of flight
 i - a potion of mutation
 j - a potion of heal wounds
 m - a potion of curing
 o - 2 potions of brilliance


   Skills:
 + Level 3.7 Fighting
 + Level 3.8 Polearms
 + Level 1.2 Throwing
 + Level 1.5 Armour
 + Level 2.9 Dodging
 + Level 1.9 Stealth
 * Level 2.7 Spellcasting
 * Level 1.6 Evocations


You had 10 spell levels left.
You didn't know any spells.
Your spell library was empty.

Dungeon Overview and Level Annotations

Branches:
Dungeon (4/15)            Ossuary (1/1)
 Temple: D:4-7

Altars:


Innate Abilities, Weirdness & Mutations

You have razor-sharp toenails.
You are agile. (Dex +2)
You can translocate small distances at will.
Your spells are a little easier to cast, but a little less powerful.


Message History

You hit the mummy. Your kick misses the mummy.
The mummy is lightly damaged.
You hit the mummy but do no damage.
The mummy is lightly damaged.
You hit the mummy. You claw the mummy.
The mummy is heavily damaged.
You hit the mummy.
The mummy is heavily damaged.
The mummy closely misses you. The mummy hits you!
You hit the mummy but do no damage.
The mummy is heavily damaged.
The mummy hits you!
* * * LOW HITPOINT WARNING * * *
You closely miss the mummy. You claw the mummy.
The mummy is heavily damaged.
The mummy barely misses you.
You hit the mummy. You claw the mummy, but do no damage.
The mummy is severely damaged.
The mummy hits you!
You die...

#....#....#....#....'.#..#
#....#....#....#....###..#
#....#....#....#....#.'..#
#....#....#....#....#.#..#
#####################.#..#
#....# .... #....###..#
'....# ..... #....#.'..#
#....# !?!...#M...'.#..#
#....# ?$!?.MM@...#.#..#
###### $∩$!..########..#
#....# !$/?. +..# '....#
!?!. #..# #....# ... #..#
#....# .. ..# ###### # # #


You could see 3 mummies.

Vanquished Creatures
  2 centaur zombies (Ossuary)
  An orc priest (D:3)
  An ogre zombie (Ossuary)
  4 mummies (Ossuary)
  2 adders
  2 adder zombies (Ossuary)
  3 worms
  2 dart slugs
  3 leopard geckos
  8 orcs (D:3)
  A ball python (D:2)
  3 giant cockroaches
  A gnoll zombie (Ossuary)
  7 goblins
  17 hobgoblins
  A quokka (D:3)
  4 bats (D:1)
  2 frilled lizards
  4 goblin zombies (Ossuary)
  A hobgoblin zombie (Ossuary)
  6 kobolds
  3 kobold zombies (Ossuary)
  10 rats
  3 rat zombies (Ossuary)
91 creatures vanquished.

Notes
Turn   | Place    | Note
-------+----------+-------------------------------------------
     0 | D:1      | IdlyInterested the Demonspawn Monk began the quest for the
                  | Orb.
     0 | D:1      | Reached XP level 1. HP: 18/18 MP: 1/1
   105 | D:1      | Gained mutation: You have sharp toenails. [demonic
                  | ancestry]
   105 | D:1      | Reached XP level 2. HP: 20/24 MP: 2/2
   478 | D:1      | You fall into a shaft and drop 1 floor!
   483 | D:2      | Reached skill level 1 in Spellcasting
   483 | D:2      | Reached XP level 3. HP: 29/29 MP: 2/4
   960 | D:1      | Gained mutation: You are agile. (Dex +2) [potion of
                  | mutation]
   960 | D:1      | Gained mutation: Your spells are a little easier to cast,
                  | but a little less powerful. [potion of mutation]
   960 | D:1      | Gained mutation: You can translocate small distances at
                  | will. [potion of mutation]
  1924 | D:3      | Reached XP level 4. HP: 35/35 MP: 5/5
  2402 | D:3      | Reached skill level 1 in Armour
  2894 | D:3      | Reached skill level 1 in Evocations
  2894 | D:3      | Gained mutation: You have razor-sharp toenails. [demonic
                  | ancestry]
  2894 | D:3      | Reached XP level 5. HP: 41/41 MP: 7/7
  3198 | D:4      | Found a sand-covered staircase.
  3202 | Ossuary  | Entered an ossuary
  3232 | Ossuary  | Reached skill level 1 in Throwing
  3828 | Ossuary  | Reached XP level 6. HP: 36/47 MP: 9/9
  3945 | Ossuary  | Slain by a mummy

Illustrated notes

Levels and vault maps discovered:
D:1:      scummos_arrival_simple_fountains, layout_basic
D:2:      layout_loops_ring
D:3:      minmay_door_path, layout_loops_cross
D:4:      minmay_skewed_foursquare, layout_loops_ring,
          nicolae_ossuary_entry_false_entrances, chequers_serial_rivers_small_3
Ossuary:  ossuary_boxes_badplayer

Skill      XL: |  1  2  3  4  5 |
---------------+----------------+-----
Polearms       | 3 |  3.8
Spellcasting   | 1 2 |  2.7
Armour         | 1 |  1.5
Evocations     | 1 |  1.6
Throwing       | 1 |  1.2
Fighting       | |  3.7
Dodging        | |  2.9
Stealth        | |  1.9

Action                   |  1- 3 |  4- 6 || total
-------------------------+-------+-------++-------
Melee: Spear             |   130 |   201 ||   331
       Kick              |    21 |    62 ||    83
Throw: Boomerang         |    19 |    24 ||    43
Evoke: Wand              |       |    17 ||    17
  Use: Scroll            |     4 |     2 ||     6
       Potion            |     3 |       ||     3
 Stab: Sleeping          |     3 |       ||     3
Armor: Leather armour    |    11 |       ||    11
       Scale mail        |     6 |     5 ||    11
       Chain mail        |       |    37 ||    37
Dodge: Dodged            |    57 |    44 ||   101

Table legend: (Time is in decaauts)
 A = Elapsed time spent in this place.
 B = Non-inter-level travel time spent in this place.
 C = Inter-level travel time spent in this place.
 D = Time resting spent in this place.
 E = Time spent auto-exploring this place.
 F = Levels seen in this place.
 G = Mean time per level.
                   A        B        C        D        E       F      G
               +--------+--------+--------+--------+--------+-----+--------+
         Total |   3918 |   3747 |    171 |    914 |   2035 |   5 |  783.6 |
       Dungeon |   3180 |   3009 |    171 |    505 |   1836 |   4 |  795.0 |
       Ossuary |    738 |    738 |      0 |    409 |    199 |   1 |  738.0 |
               +--------+--------+--------+--------+--------+-----+--------+

Top non-repeatable levels by time:
     D:3: 1353 daAuts
     D:1: 906 daAuts
     D:2: 790 daAuts
 Ossuary: 738 daAuts
     D:4: 130 daAuts
